 Dungeon Crawl Stone Soup version 0.22.1-1-ga44c0e56f4 (webtiles) character file.

296 Nygeryga the Chopper (level 6, -3/53 HPs)
             Began as a Minotaur Berserker on Oct 9, 2018.
             Was a Priest of Trog.
             Killed by divine providence
             ... invoked by an orc priest
              (13 damage)
             ... on level 4 of the Dungeon.
             The game lasted 00:06:10 (3200 turns).

Nygeryga the Chopper (Minotaur Berserker)           Turns: 3200, Time: 00:06:11

Health: -3/53      AC: 12    Str: 24    XL:     6   Next: 12%
Magic:  5/5        EV:  9    Int:  4    God:    Trog [***...]
Gold:   161        SH:  0    Dex:  9    Spells: 5/5 levels left

rFire    . . .     SeeInvis .   a - +0 hand axe
rCold    . . .     Gourm    .   (no shield)
rNeg     . . .     Faith    .   r - +0 chain mail
rPois    .         Spirit   .   (helmet restricted)
rElec    .         Reflect  .   (no cloak)
rCorr    .         Harm     .   v - +0 pair of gloves
MR       .....                  u - +0 pair of boots
Stlth    ..........             (no amulet)
HPRegen  0.17/turn              (no ring)
MPRegen  0.09/turn              (no ring)

@: lethally poisoned (-3 -> -12), berserk cooldown, slowed, very slow
A: retaliatory headbutt, horns 2
a: Berserk, Trog's Hand, Renounce Religion


You were on level 4 of the Dungeon.
You worshipped Trog.
Trog was most pleased with you.
You were near starving.

You visited 1 branch of the dungeon, and saw 4 of its levels.

You collected 161 gold pieces.

Inventory:

Hand Weapons
 a - a +0 hand axe (weapon)
Armour
 b - a +0 animal skin
 l - a +0 ring mail
 r - a +0 chain mail (worn)
 u - a +0 pair of boots (worn)
 v - a +0 pair of gloves (worn)
Jewellery
 y - an uncursed ring of see invisible {unknown}
Wands
 m - a wand of paralysis (10)
Scrolls
 d - 4 scrolls of fog {unknown}
 e - 2 scrolls of magic mapping {unknown}
 f - a scroll of remove curse {unknown}
 h - 4 scrolls of identify {unknown}
 j - a scroll of random uselessness {unknown}
 n - a scroll of blinking {unknown}
 o - a scroll of teleportation {unknown}
 z - a scroll of noise {unknown}
 A - a scroll of immolation {unknown}
Potions
 g - a potion of degeneration {unknown}
 i - a potion of might {unknown}
 k - a potion of berserk rage {unknown}
 p - 3 potions of haste {unknown}
 q - a potion of magic {unknown}
 s - a potion of brilliance {unknown}
 t - a potion of lignification {unknown}
 w - a potion of invisibility {unknown}
 x - a potion of agility {unknown}
Comestibles
 c - 6 rations


   Skills:
 + Level 4.7 Fighting
 + Level 5.7 Axes
 + Level 4.6 Armour
 + Level 3.5 Dodging


You had 5 spell levels left.
You didn't know any spells.
Your spell library was empty.

Dungeon Overview and Level Annotations

Branches:
Dungeon (4/15)
 Temple: D:4-7

Altars:
Dithmenos
Okawaru
Vehumet


Innate Abilities, Weirdness & Mutations

You reflexively headbutt those who attack you in melee.
You have a pair of horns on your head.


Message History

The orc priest mumbles some strange prayers to Beogh against you.
Beogh smites you!
* * * LOW HITPOINT WARNING * * *
The orc barely misses you.
You feel sick.
The orc priest casts a cantrip, but nothing happens.
Found 11 gold pieces.
You feel your anger nearly subside.
You are no longer berserk.
You are exhausted.
You feel yourself slow down.
You feel sick. The orc priest barely misses you.
The orc hits you but does no damage.
The orc priest hits you but does no damage.
You are more poisoned.
The orc hits you but does no damage.
* * * LOW HITPOINT WARNING * * *
You feel sick.
The orc priest mumbles some strange prayers to Beogh against you.
Beogh smites you!
You die...

#..........##
##...........##
#.............##
#................
##...............##
#$.....)..........#
#..................
#..................#
#........@o........#
...................#
.........o))........
..........).........
..........).......#
##...............##
##...........####
##........###
#........##


You could see an orc priest and an orc.

Vanquished Creatures
  2 howler monkeys (D:4)
  2 iguanas
  A worker ant (D:4)
  6 adders
  An adder skeleton (D:3)
  3 dart slugs
  4 leopard geckos
  7 orcs
  6 giant cockroaches
  7 goblins
  10 hobgoblins
  6 kobolds
  A quokka (D:3)
  5 bats
  7 frilled lizards
  8 rats
76 creatures vanquished.

Notes
Turn   | Place    | Note
-------+----------+-------------------------------------------
     0 | D:1      | Nygeryga the Minotaur Berserker began the quest for the
                  | Orb.
     0 | D:1      | Reached XP level 1. HP: 19/19 MP: 0/0
   218 | D:1      | Reached skill level 4 in Axes
   218 | D:1      | Reached XP level 2. HP: 21/27 MP: 1/1
   908 | D:2      | Reached XP level 3. HP: 31/33 MP: 2/2
   937 | D:2      | Reached ** piety under Trog
   995 | D:2      | Found an iron altar of Okawaru.
  1442 | D:2      | Reached XP level 4. HP: 41/41 MP: 3/3
  1821 | D:3      | Found a radiant altar of Vehumet.
  2163 | D:3      | Reached skill level 5 in Axes
  2230 | D:3      | Reached XP level 5. HP: 18/47 MP: 4/4
  2887 | D:3      | Found a shadowy altar of Dithmenos.
  3047 | D:4      | Reached *** piety under Trog
  3133 | D:4      | Reached XP level 6. HP: 44/53 MP: 5/5
  3200 | D:4      | Killed from afar by an orc priest

Skill      XL: |  1  2  3  4  5 |
---------------+----------------+-----
Axes           | 4 5 |  5.7
Fighting       | 4 |  4.7
Armour         | 3 4 |  4.6
Dodging        | 3 |  3.5

Action                   |  1- 3 |  4- 6 || total
-------------------------+-------+-------++-------
Melee: Hand axe          |    87 |   113 ||   200
       Headbutt          |     7 |    20 ||    27
Invok: Berserk           |       |     3 ||     3
  Eat: Chunk             |     2 |     3 ||     5
       Ration            |       |     1 ||     1
Armor: Ring mail         |    18 |       ||    18
       Animal skin       |     4 |       ||     4
       Chain mail        |     6 |    71 ||    77
Dodge: Dodged            |    48 |    72 ||   120
